 Dungeon Crawl Stone Soup version 0.30-a0-385-gfebfb9b408 (webtiles) character file.

Game seed: 3611820428643291021

6181 leviel the Basher (level 10, -1/90 HPs)
             Began as a Grey Draconian Berserker on Dec 2, 2022.
             Was an Elder of Trog.
             Slain by a troll (5 damage)
             ... on level 10 of the Dungeon.
             The game lasted 00:17:53 (8605 turns).

leviel the Basher (Grey Draconian Berserker)        Turns: 8605, Time: 00:17:54

Health: -1/90      AC: 14    Str: 24    XL:     10   Next: 60%
Magic:  15/15      EV: 13    Int:  7    God:    Trog [****..]
Gold:   300        SH:  0    Dex: 11    Spells: 9/9 levels left

rFire   + . .      SeeInvis .    a - +0 mace
rCold   . . .      Faith    .    m - +0 buckler
rNeg    + . .      Spirit   .    (body armour unavailable)
rPois   .          Reflect  .    (helmet restricted)
rElec   +          Harm     .    (no cloak)
rCorr   .          Rampage  .    t - +1 pair of gloves
Will    .....                    (no boots)
Stlth   +.........               r - amulet of regeneration
HPRegen 1.15/turn                e - ring of positive energy
MPRegen 0.14/turn                (no ring)

@: confused, studying Short Blades
A: AC +12, amphibious, unfitting armour, cold-blooded, fire resistance 1,
electricity resistance
a: Renounce Religion, Berserk, Trog's Hand, Brothers in Arms


You were on level 10 of the Dungeon.
You worshipped Trog.
Trog was greatly pleased with you.
You visited 1 branch of the dungeon, and saw 10 of its levels.

You collected 560 gold pieces.
You spent 260 gold pieces at shops.

Inventory:

Hand Weapons
 a - a +0 mace (weapon)
 v - a +2 dagger of draining
Missiles
 y - 2 throwing nets (quivered)
Armour
 m - a +0 buckler (worn)
 t - a +1 pair of gloves (worn)
Jewellery
 e - a ring of positive energy (left hand)
 j - a ring of positive energy
 r - an amulet of regeneration (around neck)
Wands
 c - a wand of polymorph (7)
 k - a wand of flame (38)
Scrolls
 b - 2 scrolls of fear
 f - 5 scrolls of identify {@r1}
 g - a scroll of magic mapping
 h - a scroll of blinking
 i - 8 scrolls of teleportation
Potions
 d - 6 potions of flight
 l - a potion of heal wounds
 n - a potion of invisibility
 o - a potion of might
 p - 2 potions of haste
 q - a potion of resistance
 u - a potion of curing


   Skills:
 + Level 8.5 Fighting
 + Level 9.1 Short Blades
 * Level 9.3 Maces & Flails
 + Level 7.0 Dodging
 + Level 7.0 Invocations


You had 9 spell levels left.
You didn't know any spells.
Your spell library was empty.

Dungeon Overview and Level Annotations

Branches:
Dungeon (10/15)            Temple (0/1) D:5            Lair (0/5) D:9
    Orc: D:9-12

Altars:
Ashenzari
Cheibriados
Hepliaklqana
Sif Muna
Vehumet
Wu Jian

Shops:
D:7 (*:!=

Annotations:
D:7 2 transporters, NinjaNoafa's ghost, novice SpHu
D:10 Fannar


Innate Abilities, Weirdness & Mutations

Your dull iron-grey scales are very hard. (AC +12)
You are amphibious.
You cannot fit into any form of body armour.
You are cold-blooded and may be slowed by cold attacks.
Your flesh is heat resistant. (rF+)
You are resistant to electric shocks. (rElec)


Message History

You bump into the rock wall.
Something hits you but does no damage. The orc barely misses you.
The howler monkey hoots and howls with incredible vigour!
Fannar mumbles some strange words.
The troll barely misses you. The troll claws you.
* * * LOW HITPOINT WARNING * * *
The troll claws you but does no damage.
You bump into the rock wall.
The howler monkey barely misses you. The orc misses you. Something hits you.
* * * LOW HITPOINT WARNING * * *
The troll bites you but does no damage. The troll misses you.
The troll claws you but does no damage.
The orc priest begins to cast a cantrip, but forgets the words!
You're too confused to move!
The howler monkey hits you but does no damage.
Something hits you but does no damage. The orc barely misses you.
The troll barely misses you. The troll claws you but does no damage.
The troll closely misses you. The howler monkey closely misses you.
Okay, then.
You bump into the rock wall.
You hear some strange, mumbled words.
A puff of flame appears from out of thin air!
The puff of flame hits you but does no damage.
The orc hits you from afar with a +0 trident.
* * * LOW HITPOINT WARNING * * *
The troll bites you but does no damage. The troll claws you.
* * * LOW HITPOINT WARNING * * *
The troll claws you but does no damage.
The howler monkey hoots and howls with incredible vigour!
You thump the howler monkey!
You kill the howler monkey!
Trog accepts your kill. Something completely misses you.
The orc barely misses you. The troll barely misses you. The troll misses you.
The troll claws you but does no damage. Something hits you but does no damage.
The orc barely misses you. The troll bites you!
* * * LOW HITPOINT WARNING * * *
The troll claws you.
You die...

.~.....~~ .~......
......... .........
........# .. ..Y#
####.##Y######..#.
.......YT.{ooYe...
.
.....##.#@##{#....
. ###.#.######.#.##
.. .
..#.#.#.........#
...
.##.#.#.#.####.#..#
... ........#.#
#.#..# ##
###.#...#.# #.#..#
....#.#...####.#..#
#...#..........#..#
......##.########


You could see Fannar, 3 yaks, a troll, an ice beast (summoned), an orc priest
and an orc.

Vanquished Creatures
  A two-headed ogre (D:8)
  3 dream sheep (D:8)
  A wyvern (D:9)
  Menkaure (D:6)
  3 water moccasins
  7 orc warriors
  2 black bears
  An ogre (D:4)
  2 centaurs
  4 phantoms
  A kobold brigand (D:9)
  4 bullfrogs
  A scorpion (D:5)
  A necrophage (D:4)
  2 gnoll sergeants
  5 wights (D:7)
  15 killer bees
  7 howler monkeys
  A lava snake (D:8)
  3 hounds
  A gnoll bouda (D:8)
  A jelly (D:5)
  10 orc priests
  6 iguanas
  15 orc wizards
  17 gnolls
  8 adders
  A shadow imp (D:8)
  An ufetubus (D:5)
  4 worms
  7 dart slugs
  37 orcs
  3 endoplasms
  3 giant cockroaches
  6 goblins
  4 hobgoblins
  9 kobolds
  3 quokkas
  2 ball pythons
  9 bats
  3 frilled lizards
  6 rats
221 creatures vanquished.

Vanquished Creatures (others)
  An orc wizard (D:6)
1 creature vanquished.

Grand Total: 222 creatures vanquished

Notes
Turn   | Place    | Note
-------+----------+-------------------------------------------
     0 | D:1      | leviel the Draconian Berserker began the quest for the Orb.
     0 | D:1      | Reached XP level 1. HP: 19/19 MP: 1/1
   245 | D:1      | Reached XP level 2. HP: 13/26 MP: 2/2
   974 | D:2      | Reached XP level 3. HP: 32/33 MP: 3/3
  1174 | D:2      | Reached ** piety under Trog
  1461 | D:2      | Found a broken altar of Ashenzari.
  1480 | D:2      | Reached XP level 4. HP: 25/40 MP: 4/4
  1949 | D:3      | Identified a scroll of acquirement
  1949 | D:3      | Acquired a manual of Short Blades
  2165 | D:3      | Reached XP level 5. HP: 46/47 MP: 5/5
  2209 | D:3      | Found a radiant altar of Vehumet.
  2218 | D:3      | Reached skill level 1 in Invocations
  2414 | D:4      | Reached skill level 1 in Short Blades
  2758 | D:4      | Noticed an ogre
  2763 | D:4      | Killed an ogre
  2764 | D:4      | Reached XP level 6. HP: 55/55 MP: 7/7
  3334 | D:5      | Entered Level 5 of the Dungeon
  3438 | D:5      | Reached skill level 5 in Fighting
  3467 | D:5      | Found a staircase to the Ecumenical Temple.
  3544 | D:5      | Your scales start taking on a dull iron-grey colour.
  3544 | D:5      | Reached XP level 7. HP: 60/61 MP: 7/9
  3722 | D:5      | Found a snail-covered altar of Cheibriados.
  3743 | D:5      | Reached skill level 5 in Maces & Flails
  3780 | D:5      | Reached *** piety under Trog
  3960 | D:6      | Reached XP level 8. HP: 52/70 MP: 10/10
  4018 | D:6      | Reached skill level 5 in Dodging
  4034 | D:6      | Reached skill level 5 in Short Blades
  4172 | D:6      | Noticed Menkaure
  4179 | D:6      | Killed Menkaure
  4473 | D:6      | You fall into a shaft and drop 3 floors!
  4601 | D:8      | Noticed a hornet
  4684 | D:9      | Found an ornate altar of the Wu Jian Council.
  4864 | D:9      | Found a staircase to the Lair.
  4883 | D:9      | Reached skill level 5 in Invocations
  4883 | D:9      | Reached XP level 9. HP: 61/78 MP: 12/12
  5149 | D:7      | Gained mutation: You are resistant to electric shocks.
                  | (rElec) [potion of mutation]
  5149 | D:7      | Gained mutation: Your flesh is heat resistant. (rF+)
                  | [potion of mutation]
  5182 | D:7      | Reached **** piety under Trog
  5466 | D:7      | Found Fitethro's Jewellery Boutique.
  5558 | D:7      | Found Zomergh's Book Boutique.
  5726 | D:7      | Found Nuhoggoc's Weapon Shoppe.
  5837 | D:7      | Found Pytuzuv's Distillery.
  5861 | D:7      | Bought a potion of degeneration for 16 gold pieces
  5861 | D:7      | Bought a potion of haste for 160 gold pieces
  5861 | D:7      | Bought a potion of might for 64 gold pieces
  6208 | D:7      | Found Poocked's Assorted Antiques.
  6213 | D:7      | Bought a murky purple potion for 20 gold pieces
  6365 | D:7      | Found a transporter.
  6367 | D:7      | Noticed NinjaNoafa's ghost (novice SpHu)
  6370 | D:7      | Identified the +7 dire flail "Niddep Gimun" {spect, rF++
                  | rC+ Dex+4}
  6383 | D:7      | Found a transporter.
  6813 | D:8      | Found a shimmering blue altar of Sif Muna.
  6817 | D:8      | Found a hazy altar of Hepliaklqana.
  7063 | D:8      | Reached ***** piety under Trog
  7071 | D:8      | Noticed a two-headed ogre
  7086 | D:8      | Killed a two-headed ogre
  7087 | D:8      | Reached XP level 10. HP: 83/88 MP: 14/14
  8360 | D:10     | Entered Level 10 of the Dungeon
  8590 | D:10     | Noticed Fannar
  8605 | D:10     | HP: 4/90 [troll (10)]
  8605 | D:10     | Slain by a troll

Illustrated notes

Levels and vault maps discovered:
D:1:      dpeg_arrival_water_temple_mockup, layout_basic
D:2:      layout_loops_ring, basic_altar
D:3:      layout_basic, mainiacjoe_overflow_boulevard
D:4:      layout_loops_ring, minmay_bisected
D:5:      layout_rooms, kennysheep_slug_shrine, minmay_temple_entry_waves
D:6:      layout_gridville, minmay_a_box_with_orc_wizards_in_it, uniq_menkaure
D:7:      layout_basic, serial_shops, shop_coins, shop,
          nicolae_shop_hallway_stairs,
          nicolae_shop_temple_entry_statues_fountains,
          nicolae_shop_hallway_stairs, gammafunk_ghost_smash
D:8:      layout_basic, mainiacjoe_overflow_catwalk_spiral, enter_ossuary_1,
          nicolae_kite_square_tiling_tiny, dreamdust_gnoll_shepherd
D:9:      layout_loops_corners, nicolae_wu_jian_wuxing_cycle, lair_entry_dummy
D:10:     layout_basic, nicolae_overflow_hidden_temple, uniq_fannar

Skill      XL: |  1  2  3  4  5  6  7  8  9 10 |
---------------+-------------------------------+-----
Dodging        | 3 4 5 6 7 |  7.0
Fighting       | 4 5 6 8 |  8.5
Maces & Flails | 4 5 6 8 9 |  9.3
Invocations    | 2 3 5 6 7 |  7.0
Short Blades   | 2 3 4 6 8 9 |  9.1

Action                   |  1- 3 |  4- 6 |  7- 9 | 10-12 || total
-------------------------+-------+-------+-------+-------++-------
Melee: Mace              |   102 |   204 |   550 |   269 ||  1125
       Tailslap          |     9 |    32 |    91 |    36 ||   168
       Punch             |     1 |     1 |       |       ||     2
       Short sword       |       |    20 |       |       ||    20
       Dagger            |       |       |   154 |       ||   154
Throw: Throwing net      |       |       |       |     1 ||     1
Invok: Berserk           |     2 |     1 |     3 |     1 ||     7
       Trog's Hand       |       |     1 |     3 |     2 ||     6
       Brothers in Arms  |       |       |     1 |       ||     1
  Use: Scroll            |     4 |     5 |     6 |       ||    15
       Potion            |     3 |     1 |     7 |       ||    11
 Stab: Sleeping          |       |     2 |       |       ||     2
       Invisible         |       |       |     5 |       ||     5
Armor: Skin              |    30 |    77 |   448 |   181 ||   736
Dodge: Dodged            |    84 |   137 |   590 |   306 ||  1117
Block: Buckler           |       |     7 |   123 |    37 ||   167

Table legend: (Time is in decaauts)
 A = Elapsed time spent in this place.
 B = Non-inter-level travel time spent in this place.
 C = Inter-level travel time spent in this place.
 D = Time resting spent in this place.
 E = Time spent auto-exploring this place.
 F = Levels seen in this place.
 G = Mean time per level.
                   A        B        C        D        E       F      G
               +--------+--------+--------+--------+--------+-----+--------+
         Total |   8762 |   8359 |    403 |    675 |   5277 |  10 |  876.2 |
       Dungeon |   8762 |   8359 |    403 |    675 |   5277 |  10 |  876.2 |
               +--------+--------+--------+--------+--------+-----+--------+

Top non-repeatable levels by time:
     D:9: 1495 daAuts
     D:7: 1207 daAuts
     D:8: 1060 daAuts
     D:4: 969 daAuts
     D:2: 962 daAuts
     D:1: 832 daAuts
     D:6: 734 daAuts
     D:3: 655 daAuts
     D:5: 600 daAuts
    D:10: 244 daAuts
